 Dungeon Crawl Stone Soup version 0.32-a0-33-g74fbe469d6 (webtiles) character file.

Game seed: 2338072080526771585

341544 Drazool the Convoker (level 22, -1/154 (169) HPs)
             Began as an Octopode Summoner on Jan 19, 2024.
             Was a High Priest of Sif Muna.
             Slain by a thrashing horror (4 damage)
             ... on level 3 of the Abyss on Jan 20, 2024.
             The game lasted 04:43:46 (56232 turns).

Drazool the Convoker (Octopode Summoner)           Turns: 56232, Time: 04:43:47

HP:   -1/154 (169)  AC: 16    Str: 20    XL:     22   Next: 1%
MP:   13/48         EV: 18    Int: 34    God:    Sif Muna [*****.]
Gold: 4110          SH:  0    Dex:  9    Spells: 3/47 levels left

rFire   . .          .
                       - Unarmed
rCold   . . .        (shield currently unavailable)
rNeg    . . .        Q - melded +2 hat
rPois   +            P - amulet of faith {!P}
rElec   +            M - ring of magical power
rCorr   .            T - +4 ring of protection
SInv    +            W - ring of willpower
Will    ++...        L - ring of flight
Stlth   +++          H - ring "Uconac" {rElec Str+6 Int+2 Stlth-}
HPRegen 0.45/turn    v - ring of see invisible
MPRegen 0.31/turn    E - +5 ring of evasion
                     I - +6 ring of intelligence

%: faith
@: snake-form, flying, studying Maces & Flails, drained
A: constrict, boosted hp, almost no armour, amphibious, 8 rings, large,
(camouflage 1), (gelatinous body 1), (nimble swimmer 1), (tentacles),
(iridescent scales 1), (heat vulnerability 1), [clumsy 2], [no potion heal 2]
}: 2/15 runes: decaying, serpentine
a: Begin Untransformation, Renounce Religion, Channel Magic, Forget Spell,
Divine Exegesis


You were on level 3 of the Abyss.
You worshipped Sif Muna.
Sif Muna was extremely pleased with you.
You were an enormous serpent.
You visited 7 branches of the dungeon, and saw 34 of its levels.
You visited the Abyss 1 time.
You also visited: Ossuary.

You collected 4344 gold pieces.
You spent 234 gold pieces at shops.


Innate Abilities, Weirdness & Mutations

You are an enormous serpent.
You have a powerful constriction melee attack.
Your maximum health is increased.
Your armour is entirely melded.
You are incapable of wielding weapons or throwing items.
You cannot wear most types of armour.
You are amphibious.
You can wear up to eight rings at the same time.
((Your skin changes colour to match your surroundings (Stealth+).))
((Your rubbery body absorbs attacks. (AC +1, EV +1)))
((You are camouflaged when in or above water. (Stealth+)))
((You have tentacles for arms and can constrict up to eight enemies at once.))
((You are partially covered in iridescent scales. (AC +2)))
((You are vulnerable to heat. (rF-)))
[You are very clumsy. (Dex -4)]
[Potions cannot restore your health.]


   Skills:
 - Level 9.0 Fighting
 - Level 12.0 Dodging
 - Level 10.0 Stealth
 - Level 9.0 Unarmed Combat
 - Level 13.0 Spellcasting
 - Level 19.0 Summonings
 - Level 11.0 Necromancy
 - Level 7.0 Fire Magic
 - Level 7.0 Air Magic
 + Level 8.3 Earth Magic
 - Level 9.0 Invocations
 - Level 6.0 Evocations
 - Level 15.3 Shapeshifting


You had 3 spell levels left.
You knew the following spells:

 Your Spells              Type           Power      Damage    Failure   Level
b - Borgnjor's Vile Clut  Necr/Erth      36%        N/A       1%          5
h - Summon Hydra          Summ           50%        N/A       1%          7
l - Summon Lightning Spi  Summ/Air       84%        N/A       1%          4
m - Monstrous Menagerie   Summ           50%        N/A       1%          7
t - Haunt                 Necr/Summ      45%        N/A       3%          7
X - Summon Blazeheart Go  Fire/Summ      84%        N/A       1%          4
Y - Summon Cactus Giant   Summ           50%        N/A       1%          6
Z - Martyr's Knell        Necr/Summ      90%        N/A       1%          4

Your spell library contained the following spells:

 Spells                   Type           Power      Damage    Failure   Level
 Summon Small Mammal      Summ           100%       N/A       0%          1
 Call Imp                 Summ           100%       N/A       0%          2
 Call Canine Familiar     Summ           100%       N/A       0%          3
 Apportation              Tloc           44%        N/A       1%          1
 Foxfire                  Conj/Fire      100%       2x1d9     1%          1
 Freeze                   Ice            88%        1d9       1%          1
 Magic Dart               Conj           88%        1d7       1%          1
 Necrotise                Necr           100%       1d9       1%          1
 Shock                    Conj/Air       100%       1d9       1%          1
 Slow                     Hex            88%        N/A       1%          1
 Sting                    Conj/Alch      88%        1d8       1%          1
 Cigotuvi's Dreadful Rot  Necr/Alch/Air  100%       N/A       1%          2
 Mercury Vapours          Alch/Air       90%        N/A       1%          2
 Scorch                   Fire           100%       2d9       1%          2
 Static Discharge         Conj/Air       90%        3-7/arc   1%          2
 Sublimation of Blood     Necr           77%        N/A       1%          2
 Fugue of the Fallen      Necr           77%        N/A       1%          3
 Inner Flame              Hex/Fire       45%        N/A       1%          3
 Passwall                 Erth           68%        N/A       1%          3
 Stone Arrow              Conj/Erth      100%       3d13      1%          3
 Summon Ice Beast         Ice/Summ       72%        N/A       1%          3
 Swiftness                Air            62%        N/A       1%          3
 Vampiric Draining        Necr           77%        2d11      1%          3
 Volatile Blastmotes      Fire/Tloc      90%        2d17      1%          3
 Mephitic Cloud           Conj/Alch/Air  37%        N/A       2%          3
 Blink                    Tloc           44%        N/A       3%          2
 Ensorcelled Hibernation  Hex/Ice        44%        N/A       3%          2
 Jinxbite                 Hex            44%        N/A       3%          2
 Confusing Touch          Hex            22%        N/A       6%          3
 Dazzling Flash           Conj/Hex       44%        N/A       6%          3
 Frozen Ramparts          Ice            44%        1d7       6%          3
 Gell's Gravitas          Tloc           22%        N/A       6%          3
 Hailstorm                Conj/Ice       22%        3d7       6%          3
 Ozocubu's Armour         Ice            22%        N/A       6%          3
 Sigil of Binding         Hex            22%        N/A       6%          3
 Teleport Other           Tloc           22%        N/A       6%          3
 Airstrike                Air            31%        2d(5-21)  1%          4
 Anguish                  Hex/Necr       28%        N/A       1%          4
 Animate Dead             Necr           77%        N/A       1%          4
 Dispel Undead            Necr           77%        3d25      1%          4
 Curse of Agony           Necr           77%        N/A       1%          5
 Lee's Rapid Deconstruct  Erth           34%        3d17*     1%          5
 Summon Forest            Summ/Tloc      36%        N/A       1%          5
 Summon Mana Viper        Hex/Summ       72%        N/A       1%          5
 Petrify                  Alch/Erth      50%        N/A       3%          4
 Death Channel            Necr           38%        N/A       3%          6
 Flame Wave               Conj/Fire      45%        2d12      4%          4
 Ignite Poison            Fire/Alch      45%        N/A       4%          4
 Sticky Flame             Fire/Alch      45%        2d9       4%          4
 Vhi's Electric Charge    Tloc/Air       90%        N/A       4%          4
 Summon Horrible Things   Summ           50%        N/A       5%          8
 Arcjolt                  Conj/Air       22%        1d32      13%         5
 Fireball                 Conj/Fire      22%        3d10      13%         5
 Silence                  Hex/Air        22%        N/A       13%         5
 Plasma Beam              Fire/Air       31%        2x1d44    17%         6
 Cause Fear               Hex            11%        N/A       19%         4
 Dimensional Bullseye     Hex/Tloc       11%        N/A       19%         4
 Fulminant Prism          Conj/Alch      11%        3d9       19%         4
 Iskenderun's Mystic Bla  Conj/Tloc      22%        2d6       19%         4
 Manifold Assault         Tloc           22%        N/A       19%         4
 Passage of Golubria      Tloc           22%        N/A       19%         4
 Freezing Cloud           Conj/Ice/Air   18%        6-21      21%         5
 Malign Gateway           Summ/Tloc      36%        N/A       32%         7
 Spellforged Servitor     Conj/Summ      36%        N/A       32%         7
 Irradiate                Conj/Alch      11%        3d15      47%         5
 Yara's Violent Unravell  Hex/Alch       11%        3d6       47%         5
 Conjure Ball Lightning   Conj/Air       22%        3x3d6     56%         6
 Starburst                Conj/Fire      22%        6d8       56%         6
 Dragon's Call            Summ           50%        N/A       63%         9
 Borgnjor's Revivificati  Necr           38%        N/A       80%         8
 Infestation              Necr           38%        N/A       80%         8
 Dispersal                Tloc           11%        N/A       96%         6
 Eringya's Noxious Bog    Alch           11%        4d6       96%         6
 Sculpt Simulacrum        Ice/Alch       11%        N/A       96%         6
 Enfeeble                 Hex            11%        N/A       100%        7
 Orb of Destruction       Conj           11%        9d6       100%        7
 Ozocubu's Refrigeration  Ice            11%        4d9       100%        7
 Discord                  Hex            11%        N/A       100%        8
 Ignition                 Fire           31%        3d10      100%        8
 Lehudib's Crystal Spear  Conj/Erth      25%        10d7      100%        8
 Maxwell's Capacitive Co  Air            31%        ∞         100%        8
 Chain Lightning          Conj/Air       22%        3d30      100%        9
 Death's Door             Necr           38%        N/A       100%        9
 Fire Storm               Conj/Fire      22%        8d6       100%        9
 Animate Armour           Summ/Erth      Unusable   N/A       N/A         4

Inventory:

Missiles
 p - a throwing net {=f}
Armour
 Q - a +2 hat (melded)
Jewellery
 j - an amulet of regeneration
 v - a ring of see invisible (on tentacle)
 w - a ring of willpower
 C - a ring of ice
 E - a +5 ring of evasion (on tentacle)
 H - the ring "Uconac" (on tentacle) {rElec Str+6 Int+2 Stlth-}
   (You acquired it on level 10 of the Dungeon)

   [ring of strength]

   Str+6:     It affects your strength (+6).
   Int+2:     It affects your intelligence (+2).
   rElec:     It insulates you from electricity.
   Stlth-:    It makes you less stealthy.
 I - a +6 ring of intelligence (on tentacle)
 L - a ring of flight (on tentacle)
 M - a ring of magical power (left tentacle)
 P - an amulet of faith (around neck) {!P}
 R - a ring of resist corrosion
 T - a +4 ring of protection (right tentacle)
 W - a ring of willpower (on tentacle)
Talismans
 i - a serpent talisman (active)
Wands
 q - a wand of charming (19)
 s - a wand of flame (23)
 D - a wand of polymorph (11)
 N - a wand of digging (8)
 U - a wand of roots (23)
 X - a wand of acid (25)
Scrolls
 b - 11 scrolls of teleportation {@r2}
 c - 5 scrolls of poison
 d - 4 scrolls of amnesia
 h - 5 scrolls of enchant armour
 o - 4 scrolls of fear
 u - 6 scrolls of revelation
 x - 4 scrolls of enchant weapon
 y - a scroll of butterflies
 z - 3 scrolls of torment
 A - 6 scrolls of fog
 G - 2 scrolls of immolation
Potions
 a - 3 potions of magic
 e - 6 potions of attraction
 f - 8 potions of resistance
 g - 7 potions of curing {@q1}
 k - 3 potions of cancellation
 n - 3 potions of lignification
 r - 4 potions of mutation
 t - 2 potions of enlightenment
 B - 4 potions of invisibility
 F - 3 potions of brilliance
 S - 5 potions of might
 Y - 3 potions of haste {@q3}
 Z - 8 potions of ambrosia
Miscellaneous
 m - a lightning rod (4/4)
 J - a sack of spiders
 K - a phial of floods
 O - a condenser vane
 V - a phantom mirror

Dungeon Overview and Level Annotations

Branches:
Dungeon (15/15)            Temple (1/1) D:5            Lair (5/5) D:10
  Swamp (4/4) Lair:3        Snake (4/4) Lair:2        Slime (0/5) Lair:4
    Orc (2/2) D:9             Elf (0/3) Orc:2        Vaults (3/5) D:14
  Crypt (0/3) Vaults:2     Depths (0/4) D:15        Ossuary (visited)

Altars:
Ashenzari
Cheibriados
Dithmenos
Elyvilon
Fedhas
Gozag
Hepliaklqana
Kikubaaqudgha
Makhleb
Nemelex Xobeh
Okawaru
Qazlal
Ru
Sif Muna
Trog
Uskayaw
Vehumet
Wu Jian
Xom
Yredelemnul
Zin
The Shining One
Jiyva

Shops:
Orc:2 ?([*[   Snake:3 [(

Annotations:
D:7 exclusions: centaur and 5 more exclusions
D:15 2 transporters, Vyshex's ghost, journeyman MfGl
Temple 2 transporters
Vaults:2 36 runed translucent doors

.. p . ♣♣♣ # # ≈X
.. .▒ ~. ~.⌠ #▒#
.▒ ## #W
♣.♣≈...#.. .. ▒...
⌠.♣♣.♣~..#.#▒.#.▒▒
'. ..
♣≈b##D......░
#⌠>♣~.♣♣b.#S# ▒
#⌠♣♣.♣≈.b.#X#
#.~♣.).b♣bb⌠##X#
♣)≈) . b..▒pX#.▒ ♣
≈♣ ♣b~≈..))5XX#
..... ♣.
.bbb#x...... .....
⌠..#..##▒✱#..X°.
...###....░▓▒
▒W...°▓.# # ....#░
.....#....


You could see a wretched star, a hell knight (fast), 5 thrashing horrors, a
wraith, a small abomination, a quasit (ally target) and a friendly four-headed
hydra (summoned).


Message History

The thrashing horror completely misses you.
The thrashing horror tramples you but does no damage.
The thrashing horror closely misses you.
The thrashing horror misses you. The thrashing horror tramples you.
* * * LOW HITPOINT WARNING * * *
You hold your ground!
Something completely misses your butterfly.
Something tramples your butterfly.
Your butterfly is shoved backwards!
Your butterfly dies!
Your butterfly disappears in a burst of colours!
The wretched star pulses with an eldritch light!
Your system partially rejects the healing effects of potions.
Your system completely rejects the healing effects of potions.
Your butterfly twists and deforms. x2
The thrashing horror tramples your butterfly!
Your butterfly dies!
Your butterfly disappears in a burst of colours!
The thrashing horror attacks as it pursues you!
The thrashing horror barely misses you.
The thrashing horror tramples you but does no damage. x3
Casting: Borgnjor's Vile Clutch (mildly dangerous; 1% risk of failure)
Confirm with . or Enter, or press ? or * to list all spells.
A four-headed hydra appears.
The thrashing horror barely misses you. The thrashing horror misses you.
The small abomination hits your butterfly!
Your butterfly dies!
Your butterfly disappears in a burst of colours!
A wraith comes into view.
The thrashing horror misses you. x2; The thrashing horror tramples you.
You die...

Skill      XL: |  1  2  3  4  5  6  7  8  9 10 11 12 13 14 15 16 17 18 19 20 21 |
---------------+----------------------------------------------------------------+-----
Summonings     | 5 7 10 14 16 18 19 | 19.0
Spellcasting   | 3 6 8 11 12 13 | 13.0
Fire Magic     | 2 5 7 |  7.0
Fighting       | 3 4 5 9 |  9.0
Shapeshifting  | 6 10 12 15 | 15.3
Unarmed Combat | 3 5 6 7 9 |  9.0
Stealth        | 9 10 | 10.0
Invocations    | 7 9 |  9.0
Air Magic      | 5 6 7 |  7.0
Dodging        | 3 4 6 10 12 | 12.0
Evocations     | 3 6 |  6.0
Necromancy     | 9 11 | 11.0
Earth Magic    | 8 |  8.3

Action                     |  1- 3 |  4- 6 |  7- 9 | 10-12 | 13-15 | 16-18 | 19-21 | 22-24 || total
---------------------------+-------+-------+-------+-------+-------+-------+-------+-------++-------
  Melee: Unarmed           |     8 |    16 |    34 |    89 |   173 |    79 |   138 |     1 ||   538
         Constrict         |     3 |     4 |    10 |    26 |    37 |    20 |    36 |       ||   136
         Tentacles         |     1 |     7 |    11 |       |       |       |       |       ||    19
         Punch             |       |       |     1 |       |       |       |       |       ||     1
   Cast: Summon Small Mamm |    39 |    31 |    37 |     7 |     4 |       |       |       ||   118
         Call Imp          |    17 |    15 |    14 |     2 |     3 |       |       |       ||    51
         Call Canine Famil |     1 |    10 |    36 |    20 |    35 |     9 |       |       ||   111
         Summon Blazeheart |       |       |    32 |   102 |    73 |       |     1 |       ||   208
         Summon Lightning  |       |       |       |    10 |    26 |     4 |     1 |       ||    41
         Summon Cactus Gia |       |       |       |       |    99 |    61 |     8 |       ||   168
         Summon Hydra      |       |       |       |       |   125 |   371 |   154 |     1 ||   651
         Summon Ice Beast  |       |       |       |       |     1 |       |       |       ||     1
         Martyr's Knell    |       |       |       |       |       |    44 |    11 |       ||    55
         Monstrous Menager |       |       |       |       |       |    31 |    17 |       ||    48
         Haunt             |       |       |       |       |       |     7 |   188 |     1 ||   196
         Borgnjor's Vile C |       |       |       |       |       |       |    15 |     1 ||    16
 Invoke: Channel Magic     |       |       |       |       |     1 |    13 |    20 |       ||    34
  Evoke: Wand              |       |       |       |     1 |     4 |    13 |     9 |     3 ||    30
         Lightning rod     |       |       |       |       |       |     1 |       |       ||     1
    Use: Scroll            |       |     6 |     5 |    11 |    12 |    13 |     3 |     1 ||    51
         Potion            |       |       |     1 |     1 |     1 |     5 |    13 |       ||    21
   Stab: Distracted        |       |       |       |       |     1 |     2 |     6 |       ||     9
         Sleeping          |       |       |       |       |     1 |       |       |       ||     1
 Armour: Skin              |     4 |    10 |    45 |   137 |   255 |   194 |   148 |    10 ||   803
  Dodge: Dodged            |     6 |    18 |    47 |    74 |   172 |   137 |   135 |    17 ||   606
   Form: Serpent           |       |       |       |     2 |       |       |       |       ||     2
                           |       |       |       |     1 |       |       |       |       ||     1

Levels and vault maps discovered:
D:1:      mrwooster_arrival_arrow, layout_loops_corners, minmay_misc_feat_five,
          st_stairs_7
D:2:      cheibrodos_greedy_goblins, layout_loops_ring,
          hangedman_decor_diamond_cutter, uniq_sigmund
D:3:      layout_rooms, hex_intersection, grunt_decor_resistance, st_stairs_14,
          grunt_ministairs_9
D:4:      layout_rooms, nicolae_ossuary_entry_catacombs, minmay_puff
D:5:      layout_basic, minmay_temple_entry_grid, uniq_pikel
D:6:      layout_rooms, nemelex_diamond_rough_becter, xom_butterflies,
          wad_floor_pattern_1, uniq_maggie, uniq_blork_the_orc
D:7:      layout_loops_corners, centaur_isle
D:8:      layout_basic, slow_altar_1, lemuel_doored_altar,
          kennysheep_little_box, minmay_chambers_of_fives
D:9:      layout_basic, zombieorc1_lemuel, nrook_uturn
D:10:     layout_big_octagon, dpeg_lair_monsters, lemuel_flame_loot_1,
          uniq_gastronok
D:11:     layout_roguey [special_room_bee]
D:12:     layout_gridville
D:13:     layout_gridville, serial_shops, shop
D:14:     layout_grid_maze, grunt_vaults_entry_tiered, uniq_josephine
D:15:     gammafunk_enter_depths_forms, layout_basic,
          gammafunk_ghost_wrathful_warriors
Temple:   hellmonk_temple_divided_pantheon
Lair:1:   layout_long_grid, beast_lair_carwin_1, uniq_joseph
Lair:2:   nzn_winding_woodlands_stair_trap [nzn_winding_woodlands_5x15_pockets,
          nzn_winding_woodlands_5x15_concentric,
          nzn_winding_woodlands_5x15_parted,
          nzn_winding_woodlands_15x15_killbox, nzn_winding_woodlands_5x15_twine,
          nzn_winding_woodlands_5x15_split_checker,
          nzn_winding_woodlands_5x15_garden], layout_chaotic_city,
          minmay_snake_entry_guardpost_medium, st_stairs_13,
          nicolae_quartered_pool_super
Lair:3:   layout_gridlike, alex1729_swamp_entry_worm_eleionoma, basic_altar,
          grunt_megastairs_4, lemuel_fruit_tree
Lair:4:   layout_misc_corridors, minmay_slime_entry_jelly_boxes, uniq_rupert
Lair:5:   evilmike_catoblepas_cave, layout_layer_cave, infiniplex_staircase_pool
Swamp:1:  nicolae_swamp_ascending_descending, layout_falls_marsh,
          nicolae_swamp_reclaimed_castle, uniq_frances
Swamp:2:  layout_falls_marsh, evilmike_swamp_ruin_house_5, uniq_jorgrun
Swamp:3:  layout_falls_marsh, nicolae_swamp_stair_fork, uniq_mara
Swamp:4:  swamp, layout_basic_swamp, swamp_pool_3
Snake:1:  layout_basic, grunt_megastairs_1
Snake:2:  kennysheep_snake, layout_basic, nicolae_letterblocks
          [nicolae_letter_subblock, nicolae_letter_subblock,
          nicolae_letter_subblock, nicolae_letter_subblock,
          nicolae_letter_subblock, nicolae_letter_subblock,
          nicolae_letter_subblock, nicolae_letter_subblock,
          nicolae_letter_subblock, nicolae_letter_subblock,
          nicolae_letter_subblock, nicolae_letter_subblock,
          nicolae_letter_subblock, nicolae_letter_subblock,
          nicolae_letter_subblock, nicolae_letter_subblock,
          nicolae_letter_subblock, nicolae_letter_subblock,
          nicolae_letter_subblock, nicolae_letter_subblock,
          nicolae_letter_subblock, nicolae_letter_subblock,
          nicolae_letter_subblock, nicolae_letter_subblock,
          nicolae_letter_subblock]
Snake:3:  layout_cave_shapes, serial_library_hellmonk_open_square,
          grunt_ministairs_13, nicolae_snake_the_dead_are_slithering,
          minmay_shoptagon, uniq_saint_roka
Snake:4:  snake_pit, layout_misc_corridors, uniq_aizul, uniq_mlioglotl,
          uniq_vashnia
Orc:1:    layout_diamond_mine, statue_in_the_mist_lemuel, uniq_snorg, uniq_urug
Orc:2:    st_orc_mages, layout_caves, serial_shops, shop, uniq_donald
Vaults:1: hangedman_vaults_cutoff, serial_library_hellmonk_open_square,
          nicolae_vaults_network_star, serial_library_hellmonk_narrow_alcove,
          v_pattern_3, nicolae_vaults_hexular_roomagon, v_rooms_5,
          nicolae_vaults_sesquioval_fish, vaults_room_hallway,
          nicolae_vaults_tetromino_L_1, nicolae_vaults_double_plus_2,
          vaults_dpeg_hooks, ontoclasm_vaults_ligature, special_room_vaults
          [special_room_orc], layout_vaults_omnicross
Vaults:2: nicolae_vaults_oval_intersection, vaults_room_boxed,
          ontoclasm_vaults_misaligned, minmay_crypt_entry_necro_gods,
          vaults_standard_mumra_x, ontoclasm_vaults_bender,
          vaults_mumra_chevron_long, not_door_vault_due,
          nicolae_vaults_offset_grid_hallway_3, nicolae_vaults_little_squares_6,
          nicolae_vaults_mitosis, vaults_mumra_hex, nicolae_vaults_asterisk,
          layout_vaults_omnibox
Vaults:3: infiniplex_enter_wizlab_water, vaults_room_fours, v_rooms_5,
          nicolae_vaults_off_center_swirl, nicolae_vaults_mini_display_case,
          nicolae_vaults_double_plus_2, nicolae_vaults_trapezoid_lopsided_3,
          nicolae_vaults_layer_cake_slice, nicolae_vaults_house_1,
          layout_vaults_quadrants, uniq_frederick
Abyss:3:  base: D:7, evilmike_abyss_exit_15, evilmike_abyss_exit_chaos,
          hangedman_decor_points, grunt_abyss_rune_forest_and_sorcery

Notes
Turn   | Place    | Note
-------+----------+-------------------------------------------
     0 | D:1      | Drazool the Octopode Summoner began the quest for the Orb.
     0 | D:1      | Reached XP level 1. HP: 11/11 MP: 3/3
   221 | D:1      | Reached XP level 2. HP: 17/17 MP: 3/5
   224 | D:1      | Learned a level 2 spell: Call Imp
  1472 | D:2      | Reached XP level 3. HP: 21/21 MP: 2/6
  1476 | D:2      | Learned a level 3 spell: Call Canine Familiar
  1541 | D:2      | Reached skill level 5 in Summonings
  1770 | D:2      | Reached XP level 4. HP: 21/27 MP: 3/7
  2316 | D:2      | Noticed Sigmund
  2340 | D:2      | Killed Sigmund
  2341 | D:2      | Reached skill level 7 in Summonings
  2341 | D:2      | Reached XP level 5. HP: 28/31 MP: 8/8
  2341 | D:2      | Reached XP level 6. HP: 33/36 MP: 9/9
  2798 | D:3      | Reached skill level 3 in Spellcasting
  2875 | D:3      | Learned a level 4 spell: Summon Blazeheart Golem
  3348 | D:3      | Reached skill level 1 in Fire Magic
  3451 | D:4      | Reached skill level 2 in Fire Magic
  3451 | D:4      | Reached XP level 7. HP: 37/41 MP: 11/11
  3490 | D:4      | Reached skill level 3 in Fire Magic
  3554 | D:4      | Reached skill level 4 in Fire Magic
  3556 | D:4      | Found a sand-covered staircase.
  3569 | Ossuary  | Entered an ossuary
  3752 | Ossuary  | Reached skill level 5 in Fire Magic
  3856 | Ossuary  | Reached XP level 8. HP: 46/46 MP: 11/12
  3938 | Ossuary  | Reached skill level 6 in Fire Magic
  4700 | D:4      | Identified 3 potions of resistance
  4934 | D:5      | Entered Level 5 of the Dungeon
  5094 | D:5      | Noticed Pikel
  5124 | D:5      | Killed Pikel
  5125 | D:5      | Reached skill level 7 in Fire Magic
  5125 | D:5      | Reached skill level 5 in Spellcasting
  5314 | D:5      | Reached skill level 6 in Spellcasting
  5314 | D:5      | Reached XP level 9. HP: 51/51 MP: 18/18
  5404 | D:5      | Found a staircase to the Ecumenical Temple.
  5447 | Temple   | Found a transporter.
  5447 | Temple   | Found a transporter.
  5447 | Temple   | Found a transporter.
  5447 | Temple   | Found a transporter.
  5447 | Temple   | Entered the Ecumenical Temple
  5467 | Temple   | Became a worshipper of Sif Muna the Loreminder
  5650 | D:5      | Reached skill level 1 in Fighting
  5947 | D:6      | Reached skill level 2 in Fighting
  6061 | D:6      | Noticed Maggie
  6070 | D:6      | Reached skill level 3 in Fighting
  6083 | D:6      | Reached skill level 1 in Shapeshifting
  6090 | D:6      | Killed Maggie
  6091 | D:6      | Reached skill level 3 in Shapeshifting
  6316 | D:6      | Found a sparkling altar of Nemelex Xobeh.
  6426 | D:6      | Reached skill level 4 in Shapeshifting
  6528 | D:6      | Reached skill level 5 in Shapeshifting
  6673 | D:6      | Noticed Blork the orc
  6682 | D:6      | Killed Blork the orc
  6726 | D:6      | Found a shimmering altar of Xom.
  6897 | D:7      | Reached * piety under Sif Muna
  7089 | D:7      | Reached skill level 6 in Shapeshifting
  7128 | D:7      | Reached XP level 10. HP: 48/63 MP: 19/19
  7237 | D:7      | Reached skill level 7 in Shapeshifting
  7598 | D:7      | HP: 4/63 [centaur/arrow (6)]
  7853 | D:7      | Identified the +5 dagger "Itebry" {flame, Int+2}
  8404 | D:8      | Reached skill level 8 in Shapeshifting
  8660 | D:8      | Reached ** piety under Sif Muna
  8702 | D:8      | Reached skill level 9 in Shapeshifting
  9114 | D:8      | Found a glowing silver altar of Zin.
  9203 | D:8      | Found a white marble altar of Elyvilon.
  9350 | D:8      | Found a snail-covered altar of Cheibriados.
  9445 | D:9      | Reached skill level 10 in Shapeshifting
  9465 | D:9      | Reached skill level 1 in Unarmed Combat
  9603 | D:9      | Reached skill level 2 in Unarmed Combat
  9661 | D:9      | Reached skill level 3 in Unarmed Combat
  9708 | D:9      | Reached *** piety under Sif Muna
  9709 | D:9      | Reached XP level 11. HP: 67/67 MP: 20/20
  9944 | D:9      | Reached skill level 4 in Unarmed Combat
 10101 | D:9      | Found a staircase to the Orcish Mines.
 10816 | D:10     | Entered Level 10 of the Dungeon
 10817 | D:10     | Identified 2 scrolls of acquirement
 10817 | D:10     | Acquired 1211 gold pieces
 10819 | D:10     | Acquired the ring "Uconac" {rElec Str+6 Int+2 Stlth-}
 10831 | D:10     | Reached skill level 3 in Stealth
 10930 | D:10     | Noticed a cyclops
 10933 | D:10     | Reached skill level 4 in Stealth
 10933 | D:10     | Noticed a death yak
 10936 | D:10     | Reached skill level 5 in Stealth
 10942 | D:10     | Noticed a death yak
 10943 | D:10     | Killed a cyclops
 10944 | D:10     | Reached skill level 6 in Stealth
 10953 | D:10     | Noticed a death yak
 10956 | D:10     | Killed a death yak
 10956 | D:10     | Reached **** piety under Sif Muna
 10957 | D:10     | Reached skill level 7 in Stealth
 10962 | D:10     | Killed a death yak
 10963 | D:10     | Reached skill level 8 in Stealth
 10976 | D:10     | Killed a death yak
 10977 | D:10     | Reached skill level 9 in Stealth
 11168 | D:10     | Found a staircase to the Lair.
 11175 | D:10     | Reached skill level 5 in Unarmed Combat
 11175 | D:10     | Reached skill level 1 in Invocations
 11188 | D:10     | Reached skill level 2 in Invocations
 11191 | D:10     | Reached skill level 3 in Invocations
 11315 | D:10     | Noticed Gastronok
 11333 | D:10     | Killed Gastronok
 11334 | D:10     | Reached skill level 5 in Invocations
 11801 | Lair:1   | Entered Level 1 of the Lair of Beasts
 11801 | Lair:1   | Noticed Joseph
 11807 | Lair:1   | Killed Joseph
 11905 | Lair:1   | Reached skill level 6 in Invocations
 11922 | Lair:1   | Reached skill level 7 in Invocations
 11922 | Lair:1   | Reached XP level 12. HP: 73/73 MP: 21/21
 11927 | Lair:1   | Learned a level 4 spell: Summon Lightning Spire
 12010 | Lair:1   | Reached skill level 1 in Air Magic
 12049 | Lair:1   | Reached skill level 2 in Air Magic
 12061 | Lair:1   | Reached skill level 3 in Air Magic
 12069 | Lair:1   | Reached skill level 4 in Air Magic
 12325 | Lair:1   | Reached skill level 5 in Air Magic
 12904 | Lair:2   | Noticed an eight-headed hydra
 12912 | Lair:2   | Killed an eight-headed hydra
 12913 | Lair:2   | Reached skill level 4 in Fighting
 12927 | Lair:2   | Reached skill level 10 in Stealth
 13049 | Lair:2   | Noticed a skyshark
 13049 | Lair:2   | Noticed a six-headed hydra
 13049 | Lair:2   | Noticed a death yak
 13064 | Lair:2   | Reached skill level 3 in Dodging
 13174 | Lair:2   | Acquired a book of the Wilderness
 13183 | Lair:2   | Learned a level 6 spell: Summon Cactus Giant
 13258 | Lair:2   | Noticed a five-headed hydra
 13274 | Lair:2   | Killed a five-headed hydra
 13277 | Lair:2   | Reached ***** piety under Sif Muna
 13284 | Lair:2   | Reached skill level 8 in Summonings
 13338 | Lair:2   | Killed a skyshark
 13635 | Lair:2   | Reached skill level 9 in Summonings
 13703 | Lair:2   | Killed a six-headed hydra
 13712 | Lair:2   | Reached skill level 10 in Summonings
 13737 | Lair:2   | Reached XP level 13. HP: 45/79 MP: 21/22
 14177 | Lair:2   | Reached skill level 11 in Summonings
 14233 | Lair:2   | Received a gift from Sif Muna
 14234 | Lair:2   | Got Xinith's Thoughts on the Atmosphere {god gift}
 14640 | Lair:2   | Reached skill level 12 in Summonings
 14978 | Lair:2   | Found a staircase to the Snake Pit.
 15381 | Lair:3   | Reached skill level 13 in Summonings
 15841 | Lair:3   | Found a staircase to the Swamp.
 15843 | Lair:3   | Noticed an eleionoma
 15859 | Lair:3   | Killed an eleionoma
 15860 | Lair:3   | Reached skill level 14 in Summonings
 15995 | Lair:3   | Found an ancient bone altar of Kikubaaqudgha.
 16340 | Lair:4   | Reached skill level 6 in Unarmed Combat
 16463 | Lair:4   | Reached XP level 14. HP: 85/85 MP: 23/23
 16487 | Lair:4   | Reached skill level 7 in Unarmed Combat
 16701 | Lair:4   | Reached skill level 7 in Spellcasting
 16702 | Lair:4   | Found a staircase to the Slime Pits.
 16717 | Lair:4   | Found a viscous altar of Jiyva.
 17102 | Lair:4   | Received a gift from Sif Muna
 17103 | Lair:4   | Got Sif Muna's Omnibus of Well-Done Company {god gift}
 17203 | Lair:4   | Learned a level 3 spell: Summon Ice Beast
 17449 | Lair:4   | Noticed Rupert
 17468 | Lair:4   | Killed Rupert
 17469 | Lair:4   | Reached skill level 8 in Spellcasting
 17471 | Lair:4   | Reached skill level 6 in Air Magic
 17650 | Lair:5   | Entered Level 5 of the Lair of Beasts
 17667 | Lair:5   | Reached skill level 4 in Dodging
 18171 | Lair:5   | Reached skill level 15 in Summonings
 18180 | Lair:5   | Learned a level 7 spell: Summon Hydra
 18935 | Lair:5   | Reached skill level 16 in Summonings
 19419 | Lair:5   | Reached XP level 15. HP: 90/90 MP: 27/27
 19419 | Lair:5   | Received a gift from Sif Muna
 19420 | Lair:5   | Got Sif Muna's Compendium of Sinister Rituals and
                  | Immolation {god gift}
 19918 | Lair:5   | Reached skill level 9 in Spellcasting
 20247 | Orc:1    | Entered Level 1 of the Orcish Mines
 20247 | Orc:1    | Noticed Snorg
 20255 | Orc:1    | Killed Snorg
 20426 | Orc:1    | Noticed Urug
 20437 | Orc:1    | Killed Urug
 20758 | Orc:2    | Entered Level 2 of the Orcish Mines
 20995 | Orc:2    | Reached skill level 10 in Spellcasting
 21217 | Orc:2    | Found Kerig's Magic Scroll Shop.
 21225 | Orc:2    | Bought a scroll of identify for 32 gold pieces
 21225 | Orc:2    | Bought a scroll of identify for 32 gold pieces
 21397 | Orc:2    | Noticed Donald
 21406 | Orc:2    | Killed Donald
 21958 | Orc:2    | Received a gift from Sif Muna
 21959 | Orc:2    | Got Sif Muna's Incunable of Amorphous Thunder {god gift}
 21964 | Orc:2    | Reached skill level 7 in Air Magic
 22283 | Orc:2    | Reached skill level 5 in Dodging
 22426 | Orc:2    | Found Louham's General Store.
 22426 | Orc:2    | Found Rifuythra's Antique Armour Boutique.
 22427 | Orc:2    | Found Wifytaug's Armour Shop.
 22432 | Orc:2    | Found Busaq's Antique Weapon Shop.
 22623 | Orc:2    | Bought a potion of haste for 170 gold pieces
 22670 | Orc:2    | Found a staircase to the Elven Halls.
 23182 | Orc:2    | Reached skill level 6 in Dodging
 23183 | Orc:2    | Received a gift from Sif Muna
 23184 | Orc:2    | Got Sif Muna's Catalogue of Accelerants and the Fjord {god
                  | gift}
 23186 | Orc:2    | Reached skill level 1 in Evocations
 23480 | D:11     | Reached skill level 2 in Evocations
 23562 | D:11     | Reached skill level 3 in Evocations
 24596 | D:12     | Reached skill level 5 in Fighting
 25468 | D:12     | Identified the +2 falchion "Xoipoef" {vamp, rPois Str+3
                  | Dex+3 Stlth-}
 25492 | D:12     | Received a gift from Sif Muna
 25493 | D:12     | Got Dispater's Spellbook of the Band {god gift}
 26097 | D:13     | Reached skill level 11 in Spellcasting
 26596 | D:13     | Found Mokauxoc's Antique Armour Shoppe.
 27532 | D:14     | Reached XP level 16. HP: 98/98 MP: 25/31
 27753 | D:14     | Reached skill level 12 in Spellcasting
 28309 | D:14     | Reached skill level 6 in Fighting
 28483 | D:14     | Found a gate to the Vaults.
 28492 | D:14     | Reached skill level 7 in Fighting
 28849 | D:14     | Noticed Josephine
 28855 | D:14     | Killed Josephine
 29401 | D:15     | Entered Level 15 of the Dungeon
 29401 | D:15     | Found a transporter.
 29638 | D:15     | Reached skill level 8 in Unarmed Combat
 29645 | D:15     | Received a gift from Sif Muna
 29646 | D:15     | Got Fosat's Compendium of the Vapourous Chill {god gift}
 29896 | D:15     | Found a staircase to the Depths.
 30648 | D:15     | Reached skill level 9 in Unarmed Combat
 30866 | D:15     | Found a transporter.
 30872 | D:15     | Found a bloodstained altar of Trog.
 30872 | D:15     | Noticed Vyshex's ghost (journeyman MfGl)
 31606 | Snake:1  | Entered Level 1 of the Snake Pit
 31636 | Snake:1  | Reached skill level 8 in Fighting
 32045 | Snake:1  | Reached skill level 9 in Fighting
 32169 | Snake:1  | Received a gift from Sif Muna
 32388 | Snake:1  | Reached skill level 8 in Invocations
 33027 | Snake:1  | Reached skill level 9 in Invocations
 33700 | Snake:2  | Reached XP level 17. HP: 112/112 MP: 20/33
 34032 | Snake:2  | Reached skill level 17 in Summonings
 34516 | Snake:2  | Received a gift from Sif Muna
 34517 | Snake:2  | Got Ifim's Catalogue of Jinxing and Electrocution {god
                  | gift}
 34551 | Snake:2  | Learned a level 4 spell: Martyr's Knell
 34559 | Snake:2  | Learned a level 7 spell: Monstrous Menagerie
 35582 | Snake:2  | Reached skill level 18 in Summonings
 36216 | Snake:2  | Reached skill level 7 in Dodging
 36755 | Snake:3  | Reached skill level 8 in Dodging
 36775 | Snake:3  | Received a gift from Sif Muna
 36781 | Snake:3  | Got Sif Muna's Textbook on Warped Ozone {god gift}
 37631 | Snake:3  | Found Zonesohi's Weapon Shop.
 37641 | Snake:3  | Reached skill level 9 in Dodging
 37724 | Snake:3  | Found Mite's Armour Boutique.
 37856 | Snake:3  | Noticed Saint Roka
 37883 | Snake:3  | Killed Saint Roka
 38163 | Snake:3  | Reached skill level 10 in Dodging
 39046 | Snake:4  | Entered Level 4 of the Snake Pit
 39112 | Snake:4  | Upgraded the game from 0.32-a0-30-gefbe487952 to
                  | 0.32-a0-33-g74fbe469d6
 39331 | Snake:4  | Reached XP level 18. HP: 118/118 MP: 19/34
 39461 | Snake:4  | Identified the serpent talisman "Leegiv" {Str+6 Slay-4
                  | Stlth+}
 39461 | Snake:4  | Noticed Aizul
 39467 | Snake:4  | Killed Aizul
 39860 | Snake:4  | Received a gift from Sif Muna
 40219 | Snake:4  | Reached skill level 19 in Summonings
 40338 | Snake:4  | Reached skill level 4 in Evocations
 40769 | Snake:4  | Reached skill level 5 in Evocations
 41187 | Snake:4  | Reached skill level 6 in Evocations
 41343 | Snake:4  | Reached skill level 1 in Necromancy
 41622 | Snake:4  | Reached skill level 2 in Necromancy
 41749 | Snake:4  | Reached skill level 3 in Necromancy
 42002 | Snake:4  | Noticed Vashnia
 42062 | Snake:4  | Reached skill level 4 in Necromancy
 42067 | Snake:4  | Killed Vashnia
 42319 | Snake:4  | Received a gift from Sif Muna
 42320 | Snake:4  | Reached skill level 5 in Necromancy
 42320 | Snake:4  | Got Sif Muna's Secrets of Mortification {god gift}
 42469 | Snake:4  | Noticed Mlioglotl
 42697 | Snake:4  | Killed Mlioglotl
 43087 | Snake:4  | Got a serpentine rune of Zot
 43383 | Swamp:1  | Entered Level 1 of the Swamp
 43673 | Swamp:1  | Reached skill level 13 in Spellcasting
 43867 | Swamp:1  | Learned a level 7 spell: Haunt
 44029 | Swamp:1  | Reached skill level 6 in Necromancy
 44346 | Swamp:1  | Noticed Frances
 44350 | Swamp:1  | Killed Frances
 44979 | Swamp:2  | Reached skill level 7 in Necromancy
 45142 | Swamp:2  | Identified a potion of experience
 45143 | Swamp:2  | Reached skill level 9 in Necromancy
 45143 | Swamp:2  | Reached XP level 19. HP: 124/124 MP: 36/36
 45172 | Swamp:2  | Learned a level 5 spell: Borgnjor's Vile Clutch
 45181 | Swamp:2  | Identified the +0 long sword "Vazut" {spect, Dex+2}
 45318 | Swamp:2  | Noticed Jorgrun
 45323 | Swamp:2  | Killed Jorgrun
 45324 | Swamp:2  | Reached XP level 20. HP: 129/129 MP: 32/37
 45949 | Swamp:3  | Noticed Mara
 45957 | Swamp:3  | Noticed Drazool's illusion
 45970 | Swamp:3  | Killed Mara
 45971 | Swamp:3  | Reached skill level 10 in Necromancy
 46296 | Swamp:3  | Found the +8 lance "Wyrmbane" {slay drac, rPois rF+ rC+
                  | AC+3}
 46652 | Swamp:4  | Entered Level 4 of the Swamp
 46916 | Swamp:4  | Reached skill level 11 in Necromancy
 47489 | Swamp:4  | Reached skill level 11 in Dodging
 47567 | Swamp:4  | Received a gift from Sif Muna
 47568 | Swamp:4  | Got Hoplazoo's Secrets of the Gift {god gift}
 48250 | Swamp:4  | Got a decaying rune of Zot
 48629 | Vaults:1 | Entered Level 1 of the Vaults
 48861 | Vaults:1 | Found a shimmering blue altar of Sif Muna.
 48861 | Vaults:1 | Identified a +0 robe of resistance
 48868 | Vaults:1 | Reached skill level 12 in Dodging
 49988 | Vaults:1 | Reached skill level 11 in Shapeshifting
 51173 | Vaults:1 | Paralysed by a formless jellyfish for 1 turns
 51308 | Vaults:1 | Reached skill level 12 in Shapeshifting
 51590 | Vaults:1 | Received a gift from Sif Muna
 52042 | Vaults:2 | Found a staircase to the Crypt.
 52042 | Vaults:2 | Found an ancient bone altar of Kikubaaqudgha.
 52043 | Vaults:2 | Found a basalt altar of Yredelemnul.
 52362 | Vaults:2 | Reached XP level 21. HP: 123/134 MP: 21/38
 52550 | Vaults:2 | Reached skill level 13 in Shapeshifting
 52943 | Vaults:2 | Found a huge runed translucent gate.
 52990 | Vaults:2 | Found a huge runed translucent gate.
 52991 | Vaults:2 | Found a huge runed translucent gate.
 52992 | Vaults:2 | Found a huge runed translucent gate.
 52992 | Vaults:2 | Found a huge runed translucent gate.
 52993 | Vaults:2 | Found a huge runed translucent gate.
 52993 | Vaults:2 | Found a huge runed translucent gate.
 52994 | Vaults:2 | Found a huge runed translucent gate.
 52994 | Vaults:2 | Found a huge runed translucent gate.
 52994 | Vaults:2 | Found a huge runed translucent gate.
 52994 | Vaults:2 | Found a huge runed translucent gate.
 52994 | Vaults:2 | Found a huge runed translucent gate.
 52995 | Vaults:2 | Found a huge runed translucent gate.
 52996 | Vaults:2 | Found a huge runed translucent gate.
 52997 | Vaults:2 | Found a huge runed translucent gate.
 52997 | Vaults:2 | Found a huge runed translucent gate.
 53001 | Vaults:2 | Found a huge runed translucent gate.
 53003 | Vaults:2 | Found a huge runed translucent gate.
 53003 | Vaults:2 | Found a huge runed translucent gate.
 53003 | Vaults:2 | Found a huge runed translucent gate.
 53003 | Vaults:2 | Found a huge runed translucent gate.
 53005 | Vaults:2 | Found a huge runed translucent gate.
 53010 | Vaults:2 | Identified the +8 scale mail of Ejierum {Will++}
 53150 | Vaults:2 | Found a huge runed translucent gate.
 53151 | Vaults:2 | Found a huge runed translucent gate.
 53151 | Vaults:2 | Found a huge runed translucent gate.
 53155 | Vaults:2 | Found a huge runed translucent gate.
 53156 | Vaults:2 | Found a huge runed translucent gate.
 53157 | Vaults:2 | Found a huge runed translucent gate.
 53157 | Vaults:2 | Found a huge runed translucent gate.
 53157 | Vaults:2 | Found a huge runed translucent gate.
 53159 | Vaults:2 | Found a huge runed translucent gate.
 53160 | Vaults:2 | Found a huge runed translucent gate.
 53161 | Vaults:2 | Found a huge runed translucent gate.
 53161 | Vaults:2 | Found a huge runed translucent gate.
 53179 | Vaults:2 | Found a huge runed translucent gate.
 53180 | Vaults:2 | Found a huge runed translucent gate.
 53594 | Vaults:2 | Reached skill level 14 in Shapeshifting
 53760 | Vaults:2 | Received a gift from Sif Muna
 54708 | Vaults:2 | Reached skill level 15 in Shapeshifting
 55342 | Vaults:2 | Received a gift from Sif Muna
 55343 | Vaults:2 | Got Sif Muna's Catalogue of Geometric Misery {god gift}
 55367 | Vaults:2 | Reached skill level 1 in Earth Magic
 55420 | Vaults:2 | You are cast into the Abyss!
 55420 | Abyss:3  | Cast into level 3 of the Abyss (hell knight)
 55437 | Abyss:3  | Reached skill level 2 in Earth Magic
 55514 | Abyss:3  | Reached skill level 3 in Earth Magic
 55549 | Abyss:3  | Gained mutation: Your body sometimes deteriorates upon
                  | taking damage. [a neqoxec]
 55550 | Abyss:3  | Lost mutation: Your body sometimes deteriorates upon taking
                  | damage. [potion of mutation]
 55550 | Abyss:3  | Gained mutation: You are partially covered in iridescent
                  | scales. (AC +2) [potion of mutation]
 55685 | Abyss:3  | Reached skill level 4 in Earth Magic
 55868 | Abyss:3  | Reached skill level 5 in Earth Magic
 55924 | Abyss:3  | Noticed a bone dragon
 55938 | Abyss:3  | Killed a bone dragon
 55955 | Abyss:3  | Reached skill level 6 in Earth Magic
 56007 | Abyss:3  | Gained mutation: You are vulnerable to heat. (rF-) [a
                  | neqoxec]
 56031 | Abyss:3  | Reached skill level 7 in Earth Magic
 56206 | Abyss:3  | Reached skill level 8 in Earth Magic
 56216 | Abyss:3  | Reached XP level 22. HP: 39/128 MP: 27/39
 56224 | Abyss:3  | HP: 1/154 [freezing wraith (21)]
 56229 | Abyss:3  | HP: 3/154 [thrashing horror (1)]
 56232 | Abyss:3  | Slain by a thrashing horror

Vanquished Creatures
  Rupert (Lair:4)
  Gastronok (D:10)
  A thorn hunter (Abyss:3)
  A vault warden (Vaults:2)
  An ironbound preserver (Vaults:2)
  6 hydras
  An alligator (Swamp:4)
  A boulder beetle (D:12)
  A centaur warrior (Vaults:1)
  4 death yaks
  A naga sharpshooter (Snake:1)
  An orc high priest (Orc:2)
  2 skysharks
  2 deep trolls (Vaults:2)
  A mana viper (Snake:2)
  A lindwurm (Vaults:1)
  3 starcursed masses (Abyss:3)
  An ugly thing (D:13)
  A shadow dragon skeleton (Vaults:1)
  A cyclops (D:10)
  A will-o-the-wisp (Swamp:2)
  A salamander (Snake:4)
  3 worldbinders (Abyss:3)
  5 large abominations (Abyss:3)
  9 elephants
  Joseph (Lair:1)
  A gargoyle (D:10)
  5 black mambas
  A torpor snail (Lair:3)
  5 cane toads
  A rime drake (Lair:2)
  2 yaktaurs
  2 komodo dragons
  An ancient zyme (Abyss:3)
  A queen bee (D:11)
  2 trolls
  6 nameless horrors
  6 blink frogs
  A raiju (Abyss:3)
  3 dream sheep
  4 wyverns
  A shadow (D:11)
  2 basilisks
  41 yaks
  A human (D:14)
  2 steam dragons
  A warg (Orc:2)
  4 nagas
  A swamp worm (Swamp:1)
  3 water moccasins
  An ice beast (D:8)
  2 black bears
  4 laughing skulls
  A human zombie (Vaults:2)
  An orc warrior (Orc:2)
  4 boggarts
  An ogre (D:5)
  A centaur (D:11)
  8 wolves
  3 phantoms
  A kobold brigand (D:9)
  5 bullfrogs
  A scorpion (D:6)
  7 wights
  A troll zombie (D:9)
  9 killer bees
  A howler monkey (D:9)
  5 electric eels
  A bombardier beetle (D:7)
  2 hounds (D:6)
  3 orc priests
  An iguana (D:6)
  8 orc wizards
  A hell rat (D:10)
  4 ogre zombies (D:9)
  A naga skeleton (Snake:3)
  A mummy (Ossuary)
  A howler monkey zombie (Ossuary)
  A gnoll (D:5)
  An adder (D:6)
  A white imp (Abyss:3)
  An ufetubus (Abyss:3)
  2 ribbon worms
  A dart slug (D:1)
  8 orcs
  An endoplasm (D:4)
  2 goblins (D:2)
  3 quokkas
  3 bats
  A gnoll skeleton (D:9)
  4 kobolds
  An orc skeleton (D:4)
  4 orc zombies (D:9)
262 creatures vanquished.

Vanquished Creatures (collateral kills)
  Mara (Swamp:3)
  Saint Roka (Snake:3)
  Vashnia (Snake:4)
  A bone dragon (Abyss:3)
  Mlioglotl (Snake:4)
  Jorgrun (Swamp:2)
  4 tentacled starspawn (Abyss:3)
  A sphinx (Vaults:2)
  An Executioner (Abyss:3)
  A tengu reaver (Abyss:3)
  Frances (Swamp:1)
  Aizul (Snake:4)
  Donald (Orc:2)
  3 nagarajas
  12 vault wardens
  7 ironbound preservers
  An orc warlord (Vaults:1)
  5 ironbound thunderhulks (Vaults:2)
  3 formless jellyfish
  A deep elf demonologist (Abyss:3)
  8 dire elephants
  3 eleionomae
  3 bunyips
  Snorg (Orc:1)
  2 yaktaur captains
  2 shambling mangroves (Swamp:4)
  Josephine (D:14)
  4 great orbs of eyes
  4 rakshasas
  17 hydras
  4 catoblepae
  4 vault guards
  A ghost crab (Swamp:2)
  10 alligators
  9 centaur warriors
  An ironbound frostheart (Vaults:2)
  10 anacondas
  3 boulder beetles
  4 salamander tyrants
  3 two-headed ogres
  A death knight (D:13)
  5 death yaks
  A satyr (Abyss:3)
  4 orc high priests (Orc:2)
  5 tengu warriors
  An occultist (D:15)
  19 naga warriors
  Urug (Orc:1)
  21 naga sharpshooters
  A sun demon (Abyss:3)
  6 hell knights
  11 shock serpents
  8 spriggans
  A deep elf knight (D:14)
  4 salamander mystics
  2 wretched stars (Abyss:3)
  3 goliath frogs
  A spectral anaconda (Snake:3)
  21 deep trolls (Vaults:2)
  A shadow wraith (Abyss:3)
  13 mana vipers
  6 naga ritualists
  2 sea snakes (Snake:1)
  3 spriggan druids
  4 arcanists
  A glowing orange brain (D:15)
  8 swamp dragons
  A bog body (Swamp:3)
  A phantasmal warrior (D:13)
  5 lindwurms
  A tengu zombie (Vaults:2)
  Pikel (D:5)
  12 ironbound convokers
  7 orc knights
  5 necromancers
  8 ugly things
  3 deep elf pyromancers
  4 will-o-the-wisps
  3 cyclopes
  3 orc sorcerers (Orc:2)
  18 salamanders
  7 manticores
  3 worldbinders (Abyss:3)
  4 large abominations (Abyss:3)
  A frost giant skeleton (Vaults:2)
  3 elephants (Lair:3)
  3 kobold blastminers (Orc:2)
  2 smoke demons (Abyss:3)
  10 vault sentinels
  56 black mambas
  3 guardian serpents
  22 naga magi
  6 cane toads
  An eye of devastation (shapeshifter) (D:15)
  2 water nymphs (Abyss:3)
  A gargoyle (D:12)
  Maggie (D:6)
  7 komodo dragons
  5 anaconda simulacra (Snake:3)
  3 rime drakes
  2 efreet
  A freezing wraith (D:13)
  A yaktaur zombie (Vaults:1)
  An ancient zyme (Abyss:3)
  18 yaktaurs
  A sea snake skeleton (Snake:3)
  2 tengu conjurers
  A hellwing (D:15)
  7 trolls
  A polar bear (Lair:4)
  9 tyrant leeches
  A spectral guardian serpent (Snake:3)
  3 raiju (Abyss:3)
  11 hornets
  17 blink frogs
  4 dream sheep (Lair:5)
  18 slime creatures
  Sigmund (D:2)
  A guardian serpent skeleton (Snake:3)
  2 vampires
  6 wraiths
  2 shadows
  2 water elementals (Abyss:3)
  43 yaks
  18 humans (D:14)
  2 wargs
  3 basilisks
  3 neqoxecs (Abyss:3)
  6 vampire mosquitoes
  3 chaos spawn (Abyss:3)
  A sea snake simulacrum (Snake:3)
  2 steam dragons
  40 nagas
  13 swamp worms
  2 naga skeletons (Snake:3)
  12 water moccasins
  A guardian serpent simulacrum (Snake:3)
  A glowing shapeshifter skeleton (Vaults:1)
  11 swamp drakes
  13 laughing skulls
  29 orc warriors
  3 boggarts
  A sky beast (D:7)
  A black bear (Lair:2)
  5 centaurs
  14 wolves
  2 ogres
  A phantom (D:9)
  2 kobold brigands
  An elf zombie (D:4)
  10 bullfrogs
  Blork the orc (D:6)
  A human zombie (Vaults:2)
  2 elf skeletons (D:4)
  3 scorpions
  12 wights
  5 spectral nagas (Snake:3)
  26 killer bees
  A bombardier beetle (D:3)
  2 howler monkeys
  An electric eel (Snake:1)
  10 nameless horrors
  5 hounds
  11 jellies
  42 orc priests
  2 starcursed masses (Abyss:3)
  An iron imp (Abyss:3)
  A sleepcap (D:5)
  An iguana (D:7)
  7 mummies (Ossuary)
  2 human skeletons
  24 orc wizards
  An ogre zombie (D:9)
  4 crocodile zombies (Ossuary)
  A howler monkey zombie (Ossuary)
  3 gnolls (D:5)
  A river rat (D:10)
  10 adders
  3 naga simulacra (Snake:3)
  2 shadow imps
  2 white imps
  4 ufetubi
  3 dart slugs
  A ribbon worm (D:5)
  68 orcs
  2 bats (D:1)
  8 endoplasms
  A giant cockroach (D:3)
  3 gnoll zombies (D:9)
  10 goblins
  14 hobgoblins
  5 jackals
  19 kobolds
  A quokka (D:2)
  3 ball pythons
  5 ball python zombies (Ossuary)
  2 frilled lizards
  A gnoll skeleton (D:9)
  4 orc skeletons (D:9)
  7 orc zombies
  7 rats
  A butterfly (D:6)
  2 starspawn tentacles (Abyss:3)
1221 creatures vanquished.

Vanquished Creatures (others)
  A guardian serpent (Snake:1)
  A yak (Lair:3)
  An orc warrior (Vaults:1)
  A boggart (Vaults:1)
  A small abomination (Abyss:3)
  An orc priest (Orc:2)
  2 orc wizards
  A nameless horror (Snake:2)
  135 blazeheart cores
  16 foxfires
  A lurking horror (Abyss:3)
  10 starspawn tentacles (Abyss:3)
171 creatures vanquished.

Grand Total: 1654 creatures vanquished

Table legend: (Time is in decaauts)
 A = Elapsed time spent in this place.
 B = Non-inter-level travel time spent in this place.
 C = Inter-level travel time spent in this place.
 D = Time resting spent in this place.
 E = Time spent auto-exploring this place.
 F = Levels seen in this place.
 G = Mean time per level.
                   A        B        C        D        E       F      G
               +--------+--------+--------+--------+--------+-----+--------+
         Total |  56173 |  54269 |   1904 |   7285 |  36328 |  36 | 1560.4 |
       Dungeon |  19484 |  18635 |    849 |   1787 |  13363 |  15 | 1298.9 |
        Temple |     98 |     98 |      0 |     50 |      0 |   1 |   98.0 |
          Lair |   8677 |   8256 |    421 |   1164 |   5246 |   5 | 1735.4 |
         Swamp |   4963 |   4858 |    105 |    461 |   3604 |   4 | 1240.8 |
     Snake Pit |  11728 |  11496 |    232 |   1524 |   7983 |   4 | 2932.0 |
  Orcish Mines |   3042 |   3004 |     38 |    225 |   2172 |   2 | 1521.0 |
        Vaults |   6779 |   6521 |    258 |   1877 |   3402 |   3 | 2259.7 |
         Abyss |    780 |    780 |      0 |    197 |    168 |   1 |  780.0 |
       Ossuary |    618 |    618 |      0 |      0 |    389 |   1 |  618.0 |
               +--------+--------+--------+--------+--------+-----+--------+

Top non-repeatable levels by time:
 Snake:4: 4032 daAuts
Vaults:2: 3388 daAuts
Vaults:1: 3372 daAuts
 Snake:2: 3001 daAuts
   Orc:2: 2518 daAuts
 Snake:3: 2481 daAuts
  Lair:5: 2457 daAuts
  Lair:2: 2358 daAuts
 Snake:1: 2213 daAuts
    D:14: 2201 daAuts
    D:15: 2013 daAuts
 Swamp:4: 1743 daAuts
     D:7: 1710 daAuts
    D:13: 1517 daAuts
  Lair:4: 1437 daAuts

Table legend:
 A = Non-vault XP
 B = Vault XP
 C = Vault XP percentage of total XP
 D = Non-vault monster count
 E = Vault monster count
 F = Vault count percentage of total count
                 A         B        C        D         E       F
            +---------+---------+-------+---------+---------+-------
      Total |  295520 |  218304 |  42.5 |     896 |     572 |  39.0
            +---------+---------+-------+---------+---------+-------
        D:1 |      28 |       4 |  12.5 |      18 |       1 |   5.3
        D:2 |      77 |     259 |  77.1 |      15 |      10 |  40.0
        D:3 |     166 |      14 |   7.8 |      21 |       5 |  19.2
        D:4 |     211 |     314 |  59.8 |      19 |       8 |  29.6
        D:5 |     323 |     641 |  66.5 |      18 |       1 |   5.3
        D:6 |    1085 |     486 |  30.9 |      20 |       2 |   9.1
        D:7 |    1778 |       0 |   0.0 |      37 |       0 |   0.0
        D:8 |    1455 |     674 |  31.7 |      16 |       6 |  27.3
        D:9 |    1376 |     574 |  29.4 |      33 |      29 |  46.8
       D:10 |    2827 |    4008 |  58.6 |      11 |       8 |  42.1
       D:11 |    3556 |    1890 |  34.7 |       8 |      26 |  76.5
       D:12 |    4717 |       0 |   0.0 |      13 |       0 |   0.0
       D:13 |   10975 |       0 |   0.0 |      23 |       0 |   0.0
       D:14 |    4960 |    9345 |  65.3 |      11 |      29 |  72.5
       D:15 |   10112 |    4574 |  31.1 |      27 |      10 |  27.0
     Temple |       9 |       0 |   0.0 |       3 |       0 |   0.0
     Lair:1 |    4052 |    2022 |  33.3 |      17 |      10 |  37.0
     Lair:2 |    5990 |   12526 |  67.6 |      25 |      41 |  62.1
     Lair:3 |    4758 |    5172 |  52.1 |      14 |      14 |  50.0
     Lair:4 |   10421 |    2347 |  18.4 |      40 |      14 |  25.9
     Lair:5 |   14667 |   10401 |  41.5 |      53 |      23 |  30.3
    Swamp:1 |   10513 |    1446 |  12.1 |      22 |       1 |   4.3
    Swamp:2 |    7326 |    1731 |  19.1 |      17 |       1 |   5.6
    Swamp:3 |    9567 |    4347 |  31.2 |      17 |       1 |   5.6
    Swamp:4 |   11721 |   16357 |  58.3 |      23 |      27 |  54.0
    Snake:1 |   20813 |    2433 |  10.5 |      47 |       4 |   7.8
    Snake:2 |   17249 |   18179 |  51.3 |      33 |      34 |  50.7
    Snake:3 |   13910 |   10550 |  43.1 |      22 |      38 |  63.3
    Snake:4 |   24040 |   34363 |  58.8 |      45 |      47 |  51.1
      Orc:1 |    1473 |    1748 |  54.3 |      24 |       2 |   7.7
      Orc:2 |    5989 |    7977 |  57.1 |      45 |      59 |  56.7
   Vaults:1 |   15798 |   28742 |  64.5 |      31 |      58 |  65.2
   Vaults:2 |   43037 |   23924 |  35.7 |      60 |      29 |  32.6
   Vaults:3 |     833 |       0 |   0.0 |       1 |       0 |   0.0
    Abyss:3 |   29708 |   10825 |  26.7 |      67 |      15 |  18.3
    Ossuary |       0 |     431 | 100.0 |       0 |      19 | 100.0
            +---------+---------+-------+---------+---------+-------
